 Dungeon Crawl Stone Soup version 0.18-a0-1745-gffa9a88 (webtiles) character file.

39 Chiseanne the Charmwright (level 3, -1/30 HPs)
             Began as a Centaur Skald on Apr 11, 2016.
             Slain by an adder (3 damage)
             ... on level 2 of the Dungeon.
             The game lasted 00:02:58 (883 turns).

Chiseanne the Charmwright (Centaur Skald)            Turns: 883, Time: 00:02:59

Health: -1/30      AC:  5    Str: 14    XL:     3   Next: 26%
Magic:  4/5        EV:  8    Int: 11    God:
Gold:   94         SH:  0    Dex:  9    Spells: 2 memorised, 2 levels left

rFire  . . .     SeeInvis .     a - +0 falchion
rCold  . . .     Gourm    .     l - +0 ring mail
rNeg   . . .     Faith    .     (no shield)
rPois  .         Spirit   .     (no helmet)
rElec  .         Dismiss  .     (no cloak)
rCorr  .         Reflect  .     (no gloves)
SustAt .         Harm     .     (no barding)
MR     .....                    (no amulet)
Stlth  ..........               (no ring)
                                (no ring)

@: lethally poisoned (-1 -> -12), infused, very quick, not resistant to hostile
enchantments, extremely unstealthy
A: hooves 3, deformed body, speed 2, tough skin 3
a: no special abilities


You were on level 2 of the Dungeon.
You were not hungry.

You visited 1 branch of the dungeon, and saw 2 of its levels.

You collected 94 gold pieces.

Inventory:

Hand Weapons
 a - a +0 falchion (weapon)
Missiles
 g - 13 poisoned needles
 n - 33 sling bullets
Armour
 l - a +0 ring mail (worn)
Scrolls
 b - a scroll of teleportation {unknown}
 e - 2 scrolls of identify {unknown}
 j - a scroll of blinking {unknown}
 p - a scroll of remove curse {unknown}
Potions
 f - a potion of agility {unknown}
 h - a potion of might {unknown}
 i - a potion of degeneration {unknown}
 o - a potion of berserk rage {unknown}
Books
 c - a book of Battle

   Spells                             Type                      Level
   a - Infusion                       Charms                       1
   b - Shroud of Golubria             Charms/Translocation         2
   c - Song of Slaying                Charms                       2
   d - Spectral Weapon                Hexes/Charms                 3
   e - Regeneration                   Charms/Necromancy            3
Comestibles
 d - 2 bread rations
 k - a slice of pizza


   Skills:
 * Level 2.3 Fighting
 - Level 1.7 Long Blades
 * Level 1.1 Armour
 * Level 1.4 Dodging
 * Level 1.8 Spellcasting
 * Level 2.8 Charms


You had 2 spell levels left.
You knew the following spells:

 Your Spells              Type           Power        Failure   Level  Hunger
a - Infusion              Chrm           #...         21%         1    ##.....
b - Song of Slaying       Chrm           #.......     34%         2    ###....


Dungeon Overview and Level Annotations

Branches:
Dungeon (2/15)

Altars:


Innate Abilities, Weirdness & Mutations

You have hooves in place of feet.
Armour fits poorly on your strangely shaped body.
You cover ground very quickly.
You have extremely tough skin (AC +3).


Message History

You barely miss the adder.
The adder is moderately wounded.
The adder bites you but does no damage. The adder closely misses you.
You miss the adder. Your kick misses the adder.
The adder is moderately wounded.
You feel sick. The adder bites you.
You miss the adder.
The adder is moderately wounded.
You feel sick. The adder bites you.
* * * LOW HITPOINT WARNING * * *
You are lethally poisoned!
The adder poisons you! The adder bites you.
* * * LOW HITPOINT WARNING * * *
You barely miss the adder.
The adder is moderately wounded.
* * * LOW HITPOINT WARNING * * *
You feel sick. The adder bites you.
* * * LOW HITPOINT WARNING * * *
The adder bites you.
You die...

#######.##......#
........('(.....+
######.##......#
#.##......#
########.##......###
#..<.....#.........#
##########.........#
.....?S.........#
#######@........#
#....[....#
#.#############.........#
.........................
#.##############.......##
+.......# ....... .......
.......


You could see an adder.

Vanquished Creatures
  A gnoll (D:1)
  2 oozes (D:1)
  5 bats (D:1)
  A giant cockroach (D:1)
  2 goblins (D:1)
  2 hobgoblins (D:1)
  3 kobolds
  2 ball pythons (D:1)
  3 rats
21 creatures vanquished.

Notes
Turn   | Place    | Note
--------------------------------------------------------------
     0 | D:1      | Chiseanne the Centaur Skald began the quest for the Orb.
     0 | D:1      | Reached XP level 1. HP: 17/17 MP: 3/3
    57 | D:1      | Reached skill level 1 in Dodging
    99 | D:1      | Reached XP level 2. HP: 5/24 MP: 4/4
   329 | D:1      | Learned a level 2 spell: Song of Slaying
   374 | D:1      | Reached skill level 1 in Armour
   490 | D:1      | Reached XP level 3. HP: 26/29 MP: 5/5
   883 | D:2      | Slain by an adder

Vault maps used:
D:1:      mushboom_english_gardens
D:2:      lemuel_doored_altar

Skill      XL: |  1  2 |
---------------+-------+-----
Dodging        | 1 |  1.4
Armour         | 1 |  1.1
Fighting       | |  2.3
Long Blades    | |  1.7
Spellcasting   | |  1.8
Charms         | |  2.8

Action                   || total
-------------------------++-------
Melee: Falchion          ||    66
 Cast: Infusion          ||     1
